[Event "FIDE Women World Blitz 2021"]
[Site "Warsaw"]
[Date "2021.12.30"]
[Round "14.10"]
[White "Paehtz, Elisabeth"]
[Black "Bivol, Alina"]
[Result "0-1"]
[ECO "D02"]
[WhiteElo "2485"]
[BlackElo "2377"]
[Annotator "ChessBase"]
[PlyCount "192"]
[EventDate "2021.12.29"]
[EventType "swiss"]
[EventCountry "POL"]
[Tiebreak "Cut1 Buchholz"]
[SourceTitle "playchess.com"]
[Source "ChessBase"]
[SourceQuality "1"]
[TimeControl "180+2"]

1. d4 d5 2. Bf4 Nf6 3. e3 e6 4. Nf3 c5 5. c3 Nc6 6. Nbd2 Nh5 7. Bg5 Qb6 8. dxc5 Bxc5 9. b4 Be7 10. b5 Nb8 11. Bxe7 Kxe7 12. c4 Nf6 13. cxd5 exd5 14. Nd4 Re8 15. Bd3 Kf8 16. O-O Nbd7 17. N2f3 Nc5 18. h3 Bd7 19. a4 Rac8 20. Qe2 Kg8 21. Nd2 Nfe4 22. Nxe4 dxe4 23. Bc4 Ne6 24. Rfd1 Nxd4 25. Rxd4 Bf5 26. Rad1 h6 27. Rd6 Qc7 28. Bb3 Red8 29. Qd2 Rxd6 30. Qxd6 Qxd6 31. Rxd6 Rc7 32. Rd8+ Kh7 33. Bd5 Rc1+ 34. Kh2 Ra1 35. Bxf7 Rxa4 36. Rb8 b6 37. g4 Bd7 38. Kg3 Bxb5 39. h4 Bc4 40. Be8 Ra5 41. Bc6 Bd3 42. h5 Rc5 43.
Bd7 g6 44. Rb7 gxh5 45. Be6+ Kh8 46. gxh5 Rxh5 47. Rxa7 Re5 48. Bg4 b5 49. Rb7 Rc5 50. Kf4 Rc2 51. Kg3 Rc5 52. Be6 Rc6 53. Bd5 Rd6 54. Bb3 Rg6+ 55. Kf4 Rf6+ 56. Kg3 Rf3+ 57. Kg2 Rf6 58. Bd5 Rf5 59. Bb3 h5 60. Rb6 Rg5+ 61. Kh3 Rf5 62. Kg2 Kg7 63. Rb7+ Kf6 64. Rb6+ Ke5 65. Rb8 Kd6 66. Rc8 Rg5+ 67. Kh3 Rf5 68. Kg3 Rf3+ 69. Kg2 Rf5 70. Kg3 Rc5 71. Rd8+ Kc7 72. Rd5 Rxd5 73. Bxd5 Kd6 74. Bf7 b4 75. Kf4 Kc5 76. Bb3 Bc4 77. Bc2 Bd3 78. Bb3 Kd6 79. Kg5 Be2 80. Kf4 Bf3 81. Kg5 Ke5 82. Kh4 Be2 83. Kg3 Bd3 84. Kh4 Be2 85. Kg3 Kf5 86. Kh4 Bf3 87. Bf7 Bd1 88. Bc4 b3 89. Bxb3 Bxb3 90. Kxh5 Bd1+ 91. Kh4 Bf3 92. Kg3 Kg5 93. Kh3 Kf5 94. Kg3 Ke5 95. Kh4 Kd5 96. Kg3 Ke5 0-1

[Event "FIDE Women World Blitz 2021"]
[Site "Warsaw"]
[Date "2021.12.30"]
[Round "14.10"]
[White "Zairbek kyzy, Begimai"]
[Black "Kolaric, Spela"]
[Result "1-0"]
[ECO "C58"]
[WhiteElo "1701"]
[BlackElo "2178"]
[Annotator "NA"]
[PlyCount "77"]
[EventDate "2021.12.29"]
[EventType "swiss"]
[EventCountry "POL"]
[Tiebreak "Cut1 Buchholz"]
[SourceTitle "playchess.com"]
[Source "ChessBase"]
[SourceQuality "1"]
[TimeControl "180+2"]

1. e4 e5 2. Nf3 Nc6 3. Bc4 Nf6 4. Ng5 d5 5. exd5 Na5 6.
Bb5+ c6 7. dxc6 bxc6 8. Bd3 Nd5 9. Nf3 Bd6 10. O-O Nf4 11.
Re1 O-O 12. Bf1 Re8 13. d3 Nd5 14. Nc3 Nxc3 15. bxc3 Nb7 16. Bg5 Qc7 17. Bh4 f5 18. h3 f4 19. Rb1 h6 20. Nd2 g5 21.
Ne4 Qe7 22. d4 Rb8 23. Qh5 gxh4 24. Nxd6 Nxd6 25. Rxb8 Qg5 26.
Qxg5+ hxg5 27. Rxe5 Kf7 28. Rxg5 Re1 29. Re5 Rc1 30. c4 Ba6 31. Kh2 Rxf1 32. c5 Nc4 33. Rf5+ Ke6 34. Rxf4 Nd2 35. Rxh4 Kd5 36. Rd8+ Kc4 37. Rh7 Rxf2 38. Rxa7 Bb5 39. a4 1-0

[Event "FIDE Women World Blitz 2021"]
[Site "Warsaw"]
[Date "2021.12.30"]
[Round "14.11"]
[White "Dzagnidze, Nana"]
[Black "Muetsch, Annmarie"]
[Result "1-0"]
[ECO "E69"]
[WhiteElo "2524"]
[BlackElo "2279"]
[Annotator "ChessBase"]
[PlyCount "87"]
[EventDate "2021.12.29"]
[EventType "swiss"]
[EventCountry "POL"]
[Tiebreak "Cut1 Buchholz"]
[SourceTitle "playchess.com"]
[Source "ChessBase"]
[SourceQuality "1"]
[TimeControl "180+2"]

1. d4 Nf6 2. c4 g6 3. g3 Bg7 4. Bg2 O-O 5. Nc3 d6 6. Nf3 Nbd7 7. O-O e5 8. e4 c6 9. h3 a5 10. Be3 Qe7 11. Qc2 Re8 12. Rad1 exd4 13. Nxd4 Nc5 14. Rfe1 a4 15. f3 Nh5 16. Bf2 Qg5 17. f4 Qe7 18. Kh2 Ne6 19. Nxa4 Nxd4 20. Bxd4 Be6 21. b3 b5 22. Bxg7 Kxg7 23. cxb5 cxb5 24. Nb6 Ra6 25. Nd5 Bxd5 26. Rxd5 Qa7 27. Re2 Nf6 28. Rxb5 h5 29. Qb2 Re6 30. a4 Qe7 31. e5 dxe5 32. Rbxe5 Kg8 33. a5 Rxe5 34. Rxe5 Qd8 35. b4 Nd7 36. Rd5 Qc7 37. Qd4 Nf8 38. Rd8 Re6 39. b5 Qe7 40. a6 Re2 41. a7 Rxg2+ 42. Kxg2 Qe2+ 43. Qf2 Qe4+ 44. Kh2 1-0

[Event "FIDE Women World Blitz 2021"]
[Site "Warsaw"]
[Date "2021.12.30"]
[Round "14.11"]
[White "Zabrzanska, Weronika"]
[Black "Da Silva, Cibele Florencio"]
[Result "1-0"]
[ECO "C50"]
[WhiteElo "1596"]
[BlackElo "1405"]
[Annotator "NA"]
[PlyCount "40"]
[EventDate "2021.12.29"]
[EventType "swiss"]
[EventCountry "POL"]
[Tiebreak "Cut1 Buchholz"]
[SourceTitle "playchess.com"]
[Source "ChessBase"]
[SourceQuality "1"]
[TimeControl "180+2"]

1. e4 e5 2. Nf3 Nc6 3. Bc4 h6 4. d4 d6 5. dxe5 dxe5 6.
Qxd8+ Kxd8 7. Bxf7 Nf6 8. Nbd2 Bb4 9. c3 Bc5 10. O-O Ke7 11.
Bd5 Bd7 12. Bxc6 Bxc6 13. Nxe5 Nxe4 14. Nxc6+ bxc6 15. Nxe4 Bb6 16. Bf4 Kf7 17. Rad1 Rad8 18. c4 c5 19. Be3 Rhe8 20. Nxc5 Bxc5 1-0

[Event "FIDE Women World Blitz 2021"]
[Site "Warsaw"]
[Date "2021.12.30"]
[Round "14.12"]
[White "Injac, Teodora"]
[Black "Kashlinskaya, Alina"]
[Result "1/2-1/2"]
[ECO "E60"]
[WhiteElo "2387"]
[BlackElo "2482"]
[Annotator "ChessBase"]
[PlyCount "102"]
[EventDate "2021.12.29"]
[EventType "swiss"]
[EventCountry "POL"]
[Tiebreak "Cut1 Buchholz"]
[SourceTitle "playchess.com"]
[Source "ChessBase"]
[SourceQuality "1"]
[TimeControl "180+2"]

1. d4 Nf6 2. c4 g6 3. Nf3 Bg7 4. g3 c5 5. Nc3 cxd4 6. Nxd4 O-O 7. Bg2 Qc7 8. Qd3 Nc6 9. O-O d6 10. Nxc6 bxc6 11. Bf4 Bf5 12. Qd2 Rfd8 13. Rac1 Qd7 14. Rfd1 Bh3 15. Bh1 h5 16. b4 Rac8 17. Bh6 Bxh6 18. Qxh6 Qe6 19. Qf4 Kg7 20. Ne4 Nxe4 21. Bxe4 h4 22. Qxh4 Rh8 23. Qf4 f6 24. Bf3 g5 25. Qe4 Qxe4 26. Bxe4 c5 27. b5 f5 28. Bd5 f4 29. f3 Bf5 30. e4 Bg6 31. Be6 Rcf8 32. a4 fxg3 33.
hxg3 Rxf3 34. Kg2 Bxe4 35. Bd5 Bxd5 36. Rxd5 Ra3 37. Rxg5+ Kf6 38. Rg4 Ra2+ 39. Kf3 Rhh2 40. Rf4+ Ke6 41. Re1+ Kd7 42. Kg4 Rxa4 43. Rf7 Rxc4+ 44. Kg5 d5 45. Rfxe7+ Kd8 46. Re8+ Kc7 47. R1e6 Rb4 48. R8e7+ Kd8 49. Re8+ Kc7 50. R8e7+ Kd8 51. Re8+
Kc7 1/2-1/2

[Event "FIDE Women World Blitz 2021"]
[Site "Warsaw"]
[Date "2021.12.30"]
[Round "14.12"]
[White "Bartel, Marta"]
[Black "Brambilla, Renee Blandy T."]
[Result "1-0"]
[ECO "E61"]
[WhiteElo "2192"]
[BlackElo "1651"]
[Annotator "NA"]
[PlyCount "63"]
[EventDate "2021.12.29"]
[EventType "swiss"]
[EventCountry "POL"]
[Tiebreak "Cut1 Buchholz"]
[SourceTitle "playchess.com"]
[Source "ChessBase"]
[SourceQuality "1"]
[TimeControl "180+2"]

1. d4 Nf6 2. Nf3 g6 3. c4 Bg7 4. Nc3 O-O 5. Bg5 d6 6. e3 c5 7. d5 Nbd7 8. Be2 h6 9. Bh4 Nb6 10. O-O Bf5 11. Nd2 Rc8 12. e4 Bd7 13.
f4 e6 14. e5 dxe5 15. fxe5 g5 16. exf6 Bxf6 17. Bg3 Bd4+ 18. Kh1 e5 19. Nf3 f5 20. Nxe5 f4 21. Nxd7 Nxd7 22. Bf2 Ne5 23. Bxd4 cxd4 24. Qxd4 Qf6 25. Ne4 Qf5 26. Nd6 Qf6 27. Nxc8 Rxc8 28. d6 Qe6 29. c5 Nc6 30. Qc4 Re8 31. Qxe6+ Rxe6 32. Bc4 1-0

[Event "FIDE Women World Blitz 2021"]
[Site "Warsaw"]
[Date "2021.12.30"]
[Round "14.13"]
[White "Socko, Monika"]
[Black "Girya, Olga"]
[Result "1-0"]
[ECO "A46"]
[WhiteElo "2393"]
[BlackElo "2402"]
[Annotator "NA"]
[PlyCount "57"]
[EventDate "2021.12.29"]
[EventType "swiss"]
[EventCountry "POL"]
[Tiebreak "Cut1 Buchholz"]
[SourceTitle "playchess.com"]
[Source "ChessBase"]
[SourceQuality "1"]
[TimeControl "180+2"]

1. d4 Nf6 2. Bf4 e6 3. Nf3 c5 4. e3 cxd4 5. exd4 b6 6. Bd3 Be7 7. O-O O-O 8. Nbd2 Ba6 9. Bxa6 Nxa6 10. Qe2 Nb8 11. c3 Nc6 12. Rad1 Nh5 13. Be3 Nf6 14. Ne5 Nd5 15. Ndf3 Rc8 16. Bc1 d6 17. Nxc6 Rxc6 18. c4 Nf6 19. Bg5 d5 20. b3 Ne4 21. Bxe7 Qxe7 22. Rc1 Rfc8 23. Ne5 R6c7 24. Qe3 Qa3 25. Rc2 Nd6 26. Rfc1 dxc4 27. Nxc4 Nxc4 28. bxc4 h6 29. Qxa3 1-0

[Event "FIDE Women World Blitz 2021"]
[Site "Warsaw"]
[Date "2021.12.30"]
[Round "14.14"]
[White "Lach, Aleksandra"]
[Black "Zatonskih, Anna"]
[Result "0-1"]
[ECO "B01"]
[WhiteElo "2204"]
[BlackElo "2394"]
[Annotator "NA"]
[PlyCount "72"]
[EventDate "2021.12.29"]
[EventType "swiss"]
[EventCountry "POL"]
[Tiebreak "Cut1 Buchholz"]
[SourceTitle "playchess.com"]
[Source "ChessBase"]
[SourceQuality "1"]
[TimeControl "180+2"]

1. e4 d5 2. exd5 Qxd5 3. Nf3 Nf6 4. d4 c6 5. Be2 Bg4 6. O-O e6 7. c4 Qd8 8. Nc3 Be7 9. a3 O-O 10. h3 Bh5 11. Bf4 Re8 12. g4 Bg6 13.
Bg3 Nbd7 14. Ne5 Nxe5 15. dxe5 Ne4 16. Nxe4 Bxe4 17. f3 Bc5+ 18. Bf2 Bxf2+ 19. Kxf2 Qb6+ 20. Kg3 Rad8 21. Qc1 Bg6 22. c5 Qc7 23. f4 f6 24. exf6 gxf6 25. Qc3 e5 26. f5 Bf7 27. Bc4 Rd4 28.
Bxf7+ Qxf7 29. Qe3 Red8 30. Kh4 Rd3 31. Qc1 Qg7 32. Rg1 h6 33. b4 Kh7 34. a4 Qg5+ 35.
Qxg5 hxg5+ 36. Kh5 Rxh3# 0-1

[Event "FIDE Women World Blitz 2021"]
[Site "Warsaw"]
[Date "2021.12.30"]
[Round "14.15"]
[White "Osmak, Yuliia"]
[Black "Muzychuk, Mariya"]
[Result "1/2-1/2"]
[ECO "A33"]
[WhiteElo "2198"]
[BlackElo "2536"]
[Annotator "ChessBase"]
[PlyCount "132"]
[EventDate "2021.12.29"]
[EventType "swiss"]
[EventCountry "POL"]
[Tiebreak "Cut1 Buchholz"]
[SourceTitle "playchess.com"]
[Source "ChessBase"]
[SourceQuality "1"]
[TimeControl "180+2"]

1. c4 c5 2. Nf3 Nc6 3. d4 cxd4 4. Nxd4 Nf6 5. Nc3 e6 6. a3 Bc5 7. Nb3 Bb6 8. c5 Bc7 9. g3 O-O 10. Bg2 b6 11. O-O Rb8 12.
Rb1 Be5 13. Qc2 bxc5 14. Nxc5 d5 15. e3 Qe7 16. b4 a5 17.
Nd3 axb4 18. Nxe5 Nxe5 19. axb4 Bd7 20. b5 Rfc8 21. Qb3 Nc4 22.
Rd1 Qc5 23. h3 Na5 24. Qa4 Qxc3 25. Bd2 Qc2 26. Qxc2 Rxc2 27. Bxa5 Rxb5 28. Rxb5 Bxb5 29. Rb1 Bd7 30. Rb8+ Rc8 31. Rb7 Bc6 32. Ra7 h6 33. Bb6 Nd7 34. Bd4 e5 35. Ba1 f6 36. g4 Nc5 37. Bb2 Nd3 38. Bc3 d4 39. Bxc6 Rxc6 40. Bd2 dxe3 41. Bxe3 Kh7 42. h4 e4 43. Kg2 Ne5 44. Kg3 Rc3 45. h5 Nc4 46.
Kf4 Nxe3 47. fxe3 Rc4 48. Re7 Rc1 49. Rxe4 Rf1+ 50. Kg3 Kg8 51. Re7 Kf8 52. Ra7 f5 53. gxf5 Rxf5 54. Kg4 Rg5+ 55. Kh4 Re5 56. Ra3 Re4+ 57. Kg3 Kf7 58. Kf3 Rh4 59. Ra5 Kf6 60. Rb5 Rh1 61. Ra5 Rg1 62. Kf4 Rf1+ 63. Kg4 Re1 64. Kf4 Rf1+ 65. Kg4 Rg1+ 66. Kf4 Rf1+ 1/2-1/2

[Event "FIDE Women World Blitz 2021"]
[Site "Warsaw"]
[Date "2021.12.30"]
[Round "14.16"]
[White "Atalik, Ekaterina"]
[Black "Maltsevskaya, Aleksandra"]
[Result "0-1"]
[ECO "B07"]
[WhiteElo "2430"]
[BlackElo "2411"]
[Annotator "NA"]
[PlyCount "95"]
[EventDate "2021.12.29"]
[EventType "swiss"]
[EventCountry "POL"]
[Tiebreak "Cut1 Buchholz"]
[SourceTitle "playchess.com"]
[Source "ChessBase"]
[SourceQuality "1"]
[TimeControl "180+2"]

1. Nf3 Nf6 2. g3 g6 3. Bg2 Bg7 4. O-O O-O 5. d4 d6 6. Re1 Nbd7 7. e4 e5 8. Nc3 c6 9. h3 Re8 10. Be3 a6 11. Qd2 b5 12. a3 Bb7 13.
Rad1 Qe7 14. dxe5 dxe5 15. Bg5 Nb6 16. Nh2 Nc4 17. Qc1 Qf8 18.
Bxf6 Bxf6 19. Rd7 Bc8 20. Rd3 Bg7 21. Red1 a5 22. a4 b4 23. Ne2 Ba6 24. Bf1 Nb6 25. Rd6 Nxa4 26. Rxc6 Rec8 27. Rxc8 Rxc8 28. Qa1 Qe8 29. b3 Bxe2 30. Bxe2 Nc3 31. Re1 Nxe2+ 32. Rxe2 Qb5 33. Qd1 Bf6 34. Rd2 h5 35. Nf3 Kg7 36. Kg2 Rc3 37. Rd5 Qc6 38. Rd6 Qxe4 39. Rd3 Rxd3 40. cxd3 Qd5 41. Qc2 a4 42. bxa4 b3 43. Qb1 Be7 44. a5 Ba3 45. a6 b2 46. a7 Qb7 47.
Qa2 Qxa7 48. Nxe5 0-1

[Event "FIDE Women World Blitz 2021"]
[Site "Warsaw"]
[Date "2021.12.30"]
[Round "14.17"]
[White "Mamedjarova, Turkan"]
[Black "Kamalidenova, Meruert"]
[Result "0-1"]
[ECO "E61"]
[WhiteElo "2264"]
[BlackElo "2339"]
[Annotator "NA"]
[PlyCount "64"]
[EventDate "2021.12.29"]
[EventType "swiss"]
[EventCountry "POL"]
[Tiebreak "Cut1 Buchholz"]
[SourceTitle "playchess.com"]
[Source "ChessBase"]
[SourceQuality "1"]
[TimeControl "180+2"]

1. d4 Nf6 2. c4 g6 3. Nc3 Bg7 4. Bg5 O-O 5. Nf3 d6 6. e3 h6 7. Bh4 c5 8. Be2 g5 9. Bg3 Nh5 10. Qc2 Nxg3 11. hxg3 f5 12. O-O-O cxd4 13. Nxd4 Nc6 14. g4 Nxd4 15. exd4 e6 16. gxf5 exf5 17. Bf3 a5 18. Bd5+ Kh8 19. Rd3 f4 20. g3 fxg3 21. Rxg3 Bf5 22. Qd2 Bh7 23. Be4 Qf6 24. Nd5 Qxf2 25. Qxf2 Rxf2 26. Bxh7 Kxh7 27. Rxg5 Bxd4 28. Rg4 Bxb2+ 29. Kd1 Raf8 30. Rgh4 Bg7 31. Ne3 Rxa2 32. Kc1 Rff2 0-1

[Event "FIDE Women World Blitz 2021"]
[Site "Warsaw"]
[Date "2021.12.30"]
[Round "14.18"]
[White "Kovanova, Baira"]
[Black "Garifullina, Leya"]
[Result "1-0"]
[ECO "B90"]
[WhiteElo "2331"]
[BlackElo "2416"]
[Annotator "NA"]
[PlyCount "79"]
[EventDate "2021.12.29"]
[EventType "swiss"]
[EventCountry "POL"]
[Tiebreak "Cut1 Buchholz"]
[SourceTitle "playchess.com"]
[Source "ChessBase"]
[SourceQuality "1"]
[TimeControl "180+2"]

1. e4 c5 2. Nf3 d6 3. d4 cxd4 4. Nxd4 Nf6 5. Nc3 a6 6. Be3 e5 7. Nf3 Be7 8. Bc4 O-O 9. O-O Be6 10. Bb3 Nc6 11. Qe2 Na5 12. Rfd1 Nxb3 13. cxb3 h6 14. Nxe5 Qc7 15. Nc4 b5 16. Nb6 Rab8 17. Nbd5 Bxd5 18. Nxd5 Nxd5 19. Rxd5 Rfc8 20. Rad1 Qc2 21. Qg4 Bf6 22. Rc1 Qxc1+ 23. Bxc1 Rxc1+ 24. Rd1 Rbc8 25. g3 R8c2 26.
Rxc1 Rxc1+ 27. Kg2 Rc2 28. Qd1 Rxb2 29. Qxd6 Rxa2 30. e5 Bg5 31. h4 Bc1 32. b4 g6 33. e6 Re2 34. exf7+ Kxf7 35. Qc7+ Kf6 36. Qxc1 Re4 37. Qc6+ Kf5 38. Kf3 Rc4 39. Qxa6 h5 40. Qxb5+ 1-0

[Event "FIDE Women World Blitz 2021"]
[Site "Warsaw"]
[Date "2021.12.30"]
[Round "14.19"]
[White "Pavlidou, Ekaterini"]
[Black "Berend, Elvira"]
[Result "0-1"]
[ECO "E70"]
[WhiteElo "2177"]
[BlackElo "2328"]
[Annotator "NA"]
[PlyCount "150"]
[EventDate "2021.12.29"]
[EventType "swiss"]
[EventCountry "POL"]
[Tiebreak "Cut1 Buchholz"]
[SourceTitle "playchess.com"]
[Source "ChessBase"]
[SourceQuality "1"]
[TimeControl "180+2"]

1. d4 Nf6 2. c4 g6 3. Nc3 Bg7 4. e4 d6 5. Bd3 O-O 6. Nge2 Nc6 7. O-O e5 8. d5 Nd4 9. Nxd4 exd4 10. Ne2 Re8 11. Bg5 h6 12. Bxf6 Qxf6 13. Qc2 c5 14. h3 Qh4 15. f4 f5 16. Kh2 fxe4 17. Bxe4 Rxe4 18. Qxe4 Bf5 19. Qf3 Re8 20. Ng3 Bc2 21. Rae1 Rf8 22. Re6 g5 23. f5 Be5 24. Rxe5 dxe5 25. d6 e4 26. Qf2 Bd3 27. Rd1 e3 28. Qf3 Bc2 29. Qd5+ Kh8 30. Qe5+ Kg8 31. Qe6+ Kh8 32. Rf1 e2 33. Qe5+ Kg8 34. Qe6+ Kh8 35. Qxe2 Ba4 36. Qe5+ Kg8 37. Qe6+ Rf7 38. Qg6+ Kf8 39. f6 Bd7 40. Qe4 Qxe4 41. Nxe4 Bc6 42. Nxc5 b6 43. Ne6+ Ke8 44. Ng7+ Kd7 45. Nf5 Rxf6 46. g4 Be4 47. Re1 Bxf5 48. gxf5 Rxf5 49. Re7+ Kxd6 50. Rxa7 Rf2+ 51. Kg3 Rxb2 52. Rh7 d3 53. Kf3 Kc5 54. Rxh6 Kxc4 55. Rc6+ Kd4 56. a4 Ra2 57. Rxb6 Rxa4 58. Rg6 Ra5 59. Rd6+ Kc3 60. Ke4 d2 61. Rc6+ Kb2 62. Rd6 Kc1 63. Rc6+ Kd1 64. Kf3 Ra3+ 65. Kf2 Rxh3 66. Rg6 Rh2+ 67. Kf1 Rh1+ 68. Kf2 Rh7 69. Rxg5 Rc7 70. Ra5 Kc2 71. Ra2+ Kd3 72. Ra3+ Rc3 73. Ra1 Rc1 74. Ra3+ Kc4 75. Ra4+ Kb3 0-1

[Event "FIDE Women World Blitz 2021"]
[Site "Warsaw"]
[Date "2021.12.30"]
[Round "14.20"]
[White "Nomin-Erdene, Davaademberel"]
[Black "Gaponenko, Inna"]
[Result "0-1"]
[ECO "B06"]
[WhiteElo "2188"]
[BlackElo "2339"]
[Annotator "NA"]
[PlyCount "50"]
[EventDate "2021.12.29"]
[EventType "swiss"]
[EventCountry "POL"]
[Tiebreak "Cut1 Buchholz"]
[SourceTitle "playchess.com"]
[Source "ChessBase"]
[SourceQuality "1"]
[TimeControl "180+2"]

1. e4 g6 2. d4 Bg7 3. Nc3 d6 4. Be3 a6 5. a4 Nc6 6. f3 e5 7. Nge2 exd4 8. Nxd4 Nge7 9. Bc4 O-O 10. O-O Kh8 11. Qd2 f5 12. Nxc6 Nxc6 13. Bh6 Ne5 14. Bb3 Bxh6 15. Qxh6 c6 16. Rad1 Qe7 17. Rfe1 f4 18. Ne2 Qf6 19. Rd2 Bg4 20. Qxf4 Qg7 21. Qg3 Bxf3 22. Rxd6 Bxe2 23. Rxe2 c5 24. Bd5 Rf6 25. Rxf6 Qxf6 0-1

[Event "FIDE Women World Blitz 2021"]
[Site "Warsaw"]
[Date "2021.12.30"]
[Round "14.21"]
[White "Vantika Agrawal"]
[Black "Danielian, Elina"]
[Result "0-1"]
[ECO "A60"]
[WhiteElo "2329"]
[BlackElo "2450"]
[Annotator "ChessBase"]
[PlyCount "90"]
[EventDate "2021.12.29"]
[EventType "swiss"]
[EventCountry "POL"]
[Tiebreak "Cut1 Buchholz"]
[SourceTitle "playchess.com"]
[Source "ChessBase"]
[SourceQuality "1"]
[TimeControl "180+2"]

1. d4 Nf6 2. c4 e6 3. g3 c5 4. d5 exd5 5. cxd5 Bd6 6. Nc3 Bc7 7.
Nf3 d6 8. Bg2 O-O 9. O-O a6 10. a4 Nbd7 11. h3 Re8 12. Re1 Rb8 13. e4 b5 14. axb5 axb5 15. e5 Nxe5 16. Nxe5 dxe5 17. Bg5 Bf5 18. Qf3 Bg6 19. Red1 Bd6 20. Ra6 e4 21. Qe2 e3 22. Bxe3 c4 23. Qd2 h6 24. Bf4 Bxf4 25. Qxf4 b4 26. Na4 c3 27. bxc3 b3 28. Nb2 Re2 29.
Rd2 Re1+ 30. Kh2 Bc2 31. c4 Qc8 32. Rc6 Qe8 33. d6 Rd8 34. c5 Be4 35. Rc7 Bxg2 36. Kxg2 Qb5 37. Qc4 Qa5 38. Qd4 Qa8+ 39. c6 Qa1 40. Nd1 Qa5 41. Rb7 Qa6 42. Qd3 Qxc6+ 43. Qf3 Qc4 44. d7 Qf1+ 45. Kh2 Qg1# 0-1

[Event "FIDE Women World Blitz 2021"]
[Site "Warsaw"]
[Date "2021.12.30"]
[Round "14.22"]
[White "Efimenko, Maria"]
[Black "Balajayeva, Khanim"]
[Result "0-1"]
[ECO "C95"]
[WhiteElo "2207"]
[BlackElo "2369"]
[Annotator "NA"]
[PlyCount "96"]
[EventDate "2021.12.29"]
[EventType "swiss"]
[EventCountry "POL"]
[Tiebreak "Cut1 Buchholz"]
[SourceTitle "playchess.com"]
[Source "ChessBase"]
[SourceQuality "1"]
[TimeControl "180+2"]

1. e4 e5 2. Nf3 Nc6 3. Bb5 a6 4. Ba4 Nf6 5. d3 d6 6. c3 Be7 7. O-O O-O 8. h3 b5 9. Bc2 Nb8 10. d4 Nbd7 11. Nbd2 Bb7 12. Re1 c5 13. Nf1 cxd4 14. cxd4 Re8 15. Ng3 Bf8 16. Be3 Rc8 17. Rc1 g6 18. Qd2 exd4 19. Bxd4 Ne5 20. Qf4 Nxf3+ 21. Qxf3 Bg7 22. Bb3 Rxc1 23. Rxc1 Qe7 24. Bb6 Rc8 25. Rxc8+ Bxc8 26. Qc3 Bb7 27. Qc7 Qxc7 28. Bxc7 Nxe4 29. Nxe4 Bxe4 30.
Bxd6 Bxb2 31. f3 Bd4+ 32. Kh2 Bc6 33. Kg3 Kg7 34. Kf4 Kf6 35.
h4 Bb2 36. g4 Bc1+ 37. Kg3 a5 38. g5+ Kg7 39. Be5+ Kg8 40. Bc3 a4 41. Bd1 Bd5 42. Be2 Bxa2 43. Bxb5 Bb3 44. Bb4 a3 45. Bxa3 Bxa3 46. Bc6 Kf8 47. Kf4 Bd6+ 48. Kg4 Be6# 0-1

[Event "FIDE Women World Blitz 2021"]
[Site "Warsaw"]
[Date "2021.12.30"]
[Round "14.23"]
[White "Zhukova, Natalia"]
[Black "Sandu, Mihaela"]
[Result "1-0"]
[ECO "E81"]
[WhiteElo "2331"]
[BlackElo "2244"]
[Annotator "NA"]
[PlyCount "76"]
[EventDate "2021.12.29"]
[EventType "swiss"]
[EventCountry "POL"]
[Tiebreak "Cut1 Buchholz"]
[SourceTitle "playchess.com"]
[Source "ChessBase"]
[SourceQuality "1"]
[TimeControl "180+2"]

1. c4 Nf6 2. Nc3 g6 3. e4 d6 4. d4 Bg7 5. f3 O-O 6. Bg5 h6 7. Be3 e5 8. d5 a5 9. Qd2 Na6 10. Bd3 Nc5 11. Bc2 a4 12. Nge2 Bd7 13.
O-O Kh7 14. Nb5 Nh5 15. Nec3 Nf4 16. Kh1 h5 17. g3 Nh3 18. Bxc5 dxc5 19. Nxa4 b6 20. Nac3 Bh6 21. Qe2 h4 22. Nd1 Rh8 23. g4 Nf4 24. Qf2 h3 25. Nbc3 Bg5 26. Ne3 Kg8 27. a4 Rh7 28. a5 Rxa5 29. Rxa5 bxa5 30. Ra1 Qb8 31. Ned1 Qb4 32. b3 Kg7 33. Na2 Qa3 34. Qe1 Ng2 35. Qc3 Bf4 36. Nf2 a4 37. Nd3 axb3 38. Bxb3 f6 1-0

[Event "FIDE Women World Blitz 2021"]
[Site "Warsaw"]
[Date "2021.12.30"]
[Round "14.24"]
[White "Zawadzka, Jolanta"]
[Black "Batsiashvili, Nino"]
[Result "0-1"]
[ECO "B00"]
[WhiteElo "2429"]
[BlackElo "2491"]
[Annotator "ChessBase"]
[PlyCount "90"]
[EventDate "2021.12.29"]
[EventType "swiss"]
[EventCountry "POL"]
[Tiebreak "Cut1 Buchholz"]
[SourceTitle "playchess.com"]
[Source "ChessBase"]
[SourceQuality "1"]
[TimeControl "180+2"]

1. e4 b6 2. d4 Bb7 3. Nc3 e6 4. Bd3 Nf6 5. Nge2 d5 6. e5 Ne4 7. Be3 Be7 8.
Bxe4 dxe4 9. Ng3 O-O 10. Qg4 f5 11. exf6 Bxf6 12. O-O-O Qe7 13. Ncxe4 Nd7 14. Rhe1 Rae8 15. Kb1 Qb4 16. Nh5 Rf7 17. c3 Qa5 18. Nhxf6+ Nxf6 19. Nxf6+ Rxf6 20. f3 Bd5 21. a3 Rg6 22. Qf4 b5 23. Rd2 Qb6 24. Bg1 a5 25. Re5 Qc6 26. Qe3 Qc4 27. Bf2 Rb8 28. g4 Qa2+ 29. Kc1 b4 30. Rxd5 Qxd5 31. axb4 axb4 32. Qe4 bxc3 33. bxc3 Qa5 34. Kd1 Rf6 35. Qd3 Rbf8 36. Bg3 Rxf3 37. Qc4 Qb6 38. Ke2 R3f7 39. Ra2 Qb7 40. Qxe6 Qf3+ 41. Ke1 Kh8 42. Rf2 Qxc3+ 43. Kf1 Rxf2+ 44. Bxf2 Qf3 45. Qe2 Qh1# 0-1

[Event "FIDE Women World Blitz 2021"]
[Site "Warsaw"]
[Date "2021.12.30"]
[Round "14.25"]
[White "Padmini, Rout"]
[Black "Paramzina, Anastasya"]
[Result "1-0"]
[ECO "B92"]
[WhiteElo "2353"]
[BlackElo "2260"]
[Annotator "NA"]
[PlyCount "81"]
[EventDate "2021.12.29"]
[EventType "swiss"]
[EventCountry "POL"]
[Tiebreak "Cut1 Buchholz"]
[SourceTitle "playchess.com"]
[Source "ChessBase"]
[SourceQuality "1"]
[TimeControl "180+2"]

1. e4 c5 2. Nf3 d6 3. d4 cxd4 4. Nxd4 Nf6 5. Nc3 a6 6. Be2 e5 7. Nb3 Be7 8. Qd3 O-O 9. Bd2 Qc7 10. O-O-O b5 11. Kb1 Nbd7 12. g4 b4 13. g5 bxc3 14. gxf6 Nxf6 15. Bxc3 Bb7 16. f3 d5 17. Na5 dxe4 18. Qc4 Qxc4 19. Bxc4 Bc8 20. fxe4 Nxe4 21. Bxe5 Be6 22. Bxe6 fxe6 23. Nc6 Bf6 24. Rhe1 Bxe5 25. Nxe5 Nf6 26. Rd6 Rfd8 27. Rxe6 Re8 28. Rxe8+ Rxe8 29. Nd3 Rxe1+ 30. Nxe1 Ng4 31.
Nf3 Kf7 32. a4 Kf6 33. b4 Kf5 34. b5 axb5 35. axb5 Nf6 36. c4 Nd7 37. Kc2 Kg4 38. Nd4 Kh3 39. Ne6 g6 40. c5 Kxh2 41. c6 1-0

[Event "FIDE Women World Blitz 2021"]
[Site "Warsaw"]
[Date "2021.12.30"]
[Round "14.26"]
[White "Serikbay, Assel"]
[Black "Bulmaga, Irina"]
[Result "1-0"]
[ECO "A62"]
[WhiteElo "2237"]
[BlackElo "2405"]
[Annotator "NA"]
[PlyCount "74"]
[EventDate "2021.12.29"]
[EventType "swiss"]
[EventCountry "POL"]
[Tiebreak "Cut1 Buchholz"]
[SourceTitle "playchess.com"]
[Source "ChessBase"]
[SourceQuality "1"]
[TimeControl "180+2"]

1. d4 Nf6 2. c4 e6 3. g3 c5 4. d5 exd5 5. cxd5 d6 6. Nc3 g6 7. Bg2 Bg7 8. Nf3 O-O 9. O-O Re8 10. Bf4 Ne4 11. Nxe4 Rxe4 12. Nd2 Rxf4 13. gxf4 Bxb2 14. Rb1 Bg7 15. Nc4 Na6 16. e4 Nc7 17. e5 Ne8 18. Qd2 b6 19. e6 fxe6 20.
dxe6 Bxe6 21. Bd5 Bxd5 22. Qxd5+ Kh8 23. Rbe1 Bd4 24. Qf7 Ng7 25. Re7 b5 26. Ne3 a5 27. Ng4 Qf8 28. Rfe1 Qxf7 29. Rxf7 c4 30. Ree7 c3 31. Rc7 b4 32. Ne5 dxe5 33. Rxg7 exf4 34. Rxh7+ Kg8 35. Rh6 Ra6 36. Rhh7 Re6 37. Rhd7 Re8 1-0